 Dungeon Crawl Stone Soup version 0.21-a0-582-g1b93aee (webtiles) character file.

1580 kae the Insei (level 8, -2/67 HPs)
             Began as a Purple Draconian Transmuter on Dec 19, 2017.
             Splashed by a jelly's acid (9 damage)
             ... on level 5 of the Dungeon.
             The game lasted 00:07:57 (6825 turns).

kae the Insei (Purple Draconian Transmuter)         Turns: 6825, Time: 00:07:58

Health: -2/67      AC: -2    Str: 12      XL:     8   Next: 60%
Magic:  14/16      EV: 22    Int: 14      God:
Gold:   181        SH:  0    Dex: 16 (19) Spells: 12/18 levels left

rFire    . . .     SeeInvis .     - Unarmed
rCold    . . .     Gourm    .   (shield currently unavailable)
rNeg     . . .     Faith    .   (armour unavailable)
rPois    x         Spirit   .   (helmet currently unavailable)
rElec    .         Reflect  .   (cloak currently unavailable)
rCorr    .         Harm     .   (gloves currently unavailable)
MR       +....                  (boots currently unavailable)
Stlth    +.........             e - amulet of rage
HPRegen  0.21/turn              (no ring)
MPRegen  0.15/turn              (no ring)

@: spider-form (expiring), corroded
A: tiny, (breathe power), unfitting armour, AC +6
a: End Transformation, Evoke Berserk Rage


You were on level 5 of the Dungeon.
You were not hungry.
You were a venomous arachnid creature.
You visited 1 branch of the dungeon, and saw 5 of its levels.

You collected 181 gold pieces.

Inventory:

Hand Weapons
 h - a +0 dagger
 m - a +4 mace (melded)
Missiles
 a - 141 arrows
Armour
 r - a +1 cloak (melded)
Jewellery
 e - an amulet of rage (around neck)
Scrolls
 g - 2 scrolls of remove curse
 i - a scroll of identify
 k - 2 scrolls of teleportation
 n - a scroll of blinking
Potions
 d - a potion of brilliance
 f - a potion of flight
 j - 3 potions of curing {unknown}
 l - a potion of might {unknown}
 o - 2 potions of lignification {unknown}
 p - a potion of heal wounds
Books
 b - a book of Changes

   Spells                             Type                      Level
   a - Beastly Appendage              Transmutation                1
   b - Sticks to Snakes               Transmutation                2
   c - Spider Form                    Transmutation/Poison         3
   d - Ice Form                       Ice/Transmutation            4
   e - Blade Hands                    Transmutation                5
Comestibles
 c - 5 rations


   Skills:
 + Level 4.8 Fighting
 + Level 4.3 Dodging
 * Level 7.0 Unarmed Combat
 + Level 5.5 Spellcasting
 + Level 4.6 Transmutations


You had 12 spell levels left.
You knew the following spells:

 Your Spells              Type           Power        Failure   Level  Hunger
a - Beastly Appendage     Tmut           ###...       10%         1    None
b - Sticks to Snakes      Tmut           ###.....     12%         2    ##.....
c - Spider Form           Tmut/Pois      ##........   38%         3    ###....


Dungeon Overview and Level Annotations

Branches:
Dungeon (5/15)
 Temple: D:4-7

Altars:
Cheibriados
Hepliaklqana
Xom
Zin

Annotations:
D:3 Doomer's ghost, amateur MiGl


Innate Abilities, Weirdness & Mutations

((You can breathe bolts of dispelling energy.))
((Your rich purple scales are hard. (AC +6)))
You cannot fit into any form of body armour.
((You are cold-blooded and may be slowed by cold attacks.))


Message History

You turn into a venomous arachnid creature.
Your +4 mace melds into your body.
Your +1 cloak melds into your body.
The jelly hits you.
You are splashed with acid!
The acid burns!
The jelly hits you.
* * * LOW HITPOINT WARNING * * *
You are splashed with acid!
The acid burns!
* * * LOW HITPOINT WARNING * * *
You hit the jelly.
Your front legs burn!
* * * LOW HITPOINT WARNING * * *
The jelly is moderately wounded.
The jelly barely misses you.
Your transformation is almost over.
The jelly barely misses you.
You hit the jelly.
Your front legs burn!
* * * LOW HITPOINT WARNING * * *
The jelly is severely wounded.
The jelly hits you.
* * * LOW HITPOINT WARNING * * *
You are splashed with acid!
The acid burns!
You die...

#.# #.# #.# #.#
#####.###.#
#[..#...#.#
#.#.(.#.#'##
#.###.#.....
#...........
###########.##....
#sJ...<...#.#.....
#.###.###.#.#.####
#.#:......#.#.#
#.#########.#.#
#...........#.#
#############.####
#...........##..
#.########......
#.# #.###..


You could see a jelly.

Vanquished Creatures
  A hungry ghost (D:3)
  Duvessa (D:4)
  3 phantoms
  2 ogres
  Blork the orc (D:4)
  Dowan (D:4)
  A crimson imp (D:3)
  A quasit (D:5)
  A jelly (D:5)
  4 orc priests (D:5)
  2 centaur skeletons
  2 hounds
  Crazy Yiuf (D:3)
  A bullfrog skeleton (D:5)
  3 iguanas
  Terence (D:3)
  2 orc wizards (D:5)
  3 worker ants
  Robin (D:4)
  6 adders
  A shadow imp (D:5)
  3 oozes
  2 worms
  2 dart slugs
  A leopard gecko (D:3)
  13 orcs
  4 giant cockroaches
  18 goblins
  9 hobgoblins
  6 jackals
  9 kobolds
  3 quokkas
  A ball python (D:2)
  6 bats
  8 frilled lizards
  A quokka zombie (D:5)
  7 rats
132 creatures vanquished.

Notes
Turn   | Place    | Note
-------+----------+-------------------------------------------
     0 | D:1      | kae the Draconian Transmuter began the quest for the Orb.
     0 | D:1      | Reached XP level 1. HP: 16/16 MP: 3/3
   119 | D:1      | Reached XP level 2. HP: 21/23 MP: 5/5
   570 | D:1      | Reached XP level 3. HP: 26/28 MP: 6/6
  1400 | D:2      | Reached XP level 4. HP: 9/36 MP: 5/7
  1908 | D:3      | Noticed a hungry ghost
  2003 | D:3      | Noticed Doomer's ghost (amateur MiGl)
  2196 | D:3      | Noticed Terence
  2728 | D:3      | Reached skill level 4 in Unarmed Combat
  2728 | D:3      | Reached XP level 5. HP: 41/41 MP: 8/8
  2807 | D:3      | Found a hazy altar of Hepliaklqana.
  2807 | D:3      | Found a glowing silver altar of Zin.
  2808 | D:3      | Found a shimmering altar of Xom.
  2826 | D:3      | Found a snail-covered altar of Cheibriados.
  2926 | D:3      | Found a runed door.
  3032 | D:3      | Paralysed by fainting for 12 turns
  3054 | D:3      | Killed a hungry ghost
  3054 | D:3      | Reached XP level 6. HP: 25/50 MP: 10/10
  3213 | D:3      | Learned a level 2 spell: Sticks to Snakes
  3217 | D:3      | Learned a level 3 spell: Spider Form
  3228 | D:3      | Killed Terence
  3520 | D:3      | Noticed Crazy Yiuf
  3524 | D:3      | Killed Crazy Yiuf
  3634 | D:4      | Noticed Dowan
  4003 | D:4      | Reached skill level 5 in Unarmed Combat
  4131 | D:4      | Noticed Robin
  4140 | D:4      | Killed Robin
  4403 | D:4      | Noticed Blork the orc
  4419 | D:4      | Killed Blork the orc
  4419 | D:4      | Your scales start taking on a rich purple colour.
  4419 | D:4      | Reached XP level 7. HP: 27/57 MP: 9/13
  5164 | D:4      | Noticed Duvessa
  5186 | D:4      | Killed Duvessa
  5251 | D:4      | Killed Dowan
  5293 | D:5      | Entered Level 5 of the Dungeon
  5316 | D:5      | Reached skill level 6 in Unarmed Combat
  5624 | D:5      | Reached XP level 8. HP: 9/66 MP: 13/15
  5900 | D:5      | Reached skill level 5 in Spellcasting
  6774 | D:5      | Reached skill level 7 in Unarmed Combat
  6825 | D:5      | Splashed by a jelly's acid

Vault maps used:
D:1:      nzn_arrival_water_spiral, minmay_misc_feat_cross,
          minmay_misc_feat_roman
D:2:      solitary_fountain
D:3:      nicolae_overflow_quartered_altars, uniq_terence,
          uniq_crazy_yiuf_cottage
D:4:      kennysheep_pointless_box, uniq_duvessa, uniq_robin, uniq_blork_the_orc
D:5:      grunt_temple_overflow_diamond, first_ration

Skill      XL: |  1  2  3  4  5  6  7  8 |
---------------+-------------------------+-----
Dodging        | 2 3 4 |  4.3
Fighting       | 2 3 4 |  4.8
Unarmed Combat | 4 5 6 7 |  7.0
Transmutations | 3 4 |  4.6
Spellcasting   | 4 5 |  5.5

Action                   |  1- 3 |  4- 6 |  7- 9 || total
-------------------------+-------+-------+-------++-------
Melee: Unarmed           |    30 |    37 |    89 ||   156
       Tailslap          |    16 |    14 |    24 ||    54
       Dagger            |   172 |     2 |       ||   174
       Kick              |     3 |     2 |       ||     5
       Punch             |     1 |     2 |     4 ||     7
       Headbutt          |     2 |     2 |     1 ||     5
       Mace              |       |   140 |   144 ||   284
 Cast: Beastly Appendage |     4 |     4 |     2 ||    10
       Spider Form       |       |     5 |    11 ||    16
 Abil: Breathe Dispellin |       |       |     5 ||     5
  Use: Scroll            |     4 |     5 |     1 ||    10
       Potion            |       |       |     1 ||     1
 Stab: Sleeping          |     1 |       |     1 ||     2
  Eat: Chunk             |     2 |     9 |     4 ||    15
       Ration            |       |     2 |     2 ||     4
Armor: Skin              |    85 |    59 |    52 ||   196
Dodge: Dodged            |   138 |   153 |   210 ||   501

Table legend:
 A = Spawn XP
 B = Non-spawn XP
 C = Spawn XP percentage of total XP
 D = Spawn monster count
 E = Non-spawn monster count
 F = Spawn count percentage of total count
 G = Total turns spent on level
                    A         B        C        D         E        F      G
               +---------+---------+-------+---------+---------+-------+---------
         Total |       0 |    2258 |   0.0 |       0 |     132 |   0.0 |  6825
               +---------+---------+-------+---------+---------+-------+---------
           D:1 |       0 |      42 |   0.0 |       0 |      22 |   0.0 |   702
           D:2 |       0 |      65 |   0.0 |       0 |      25 |   0.0 |  1664
           D:3 |       0 |     356 |   0.0 |       0 |      24 |   0.0 |  1217
           D:4 |       0 |     811 |   0.0 |       0 |      28 |   0.0 |  2409
           D:5 |       0 |     984 |   0.0 |       0 |      33 |   0.0 |   833
               +---------+---------+-------+---------+---------+-------+---------
